AoeStats
← CassianPrime

Arabia

509503231Analyzed
2v2 RM · 4d ago on Sep 27, 2026· 44m 12s· 4 players
Game mode
Random Map
Map size
Medium (4 player)
Population
200
Speed
Normal
Resources
Standard
Victory
Conquest
Starting age
Dark Age
Ending age
Imperial Age
RankedLock teamsTeams togetherTeam positionsShared explorationLock speedFull tech treeHidden civsTurbo modeCheats
Victory
Defeat
🇦🇷 Ethiopians · Argentina
983
+14
🇨🇱 Bohemians · Chile
918
+16
🇺🇸 Saxons · United States
933
-15
🇺🇸 Vietnamese · United States
933
-15
CassianPrime
10:37 Feudal Age
13:08 Horse Collar
13:16 Double-Bit Axe
15:40 Castle Age
17:02 Heavy Plow
22:35 Elite Skirmisher
24:46 Padded Archer Armor
24:40 Fletching
28:27 Pikeman
32:25 Light Cavalry
34:28 Forging
34:24 Scale Barding Armor
34:36 Bloodlines
38:27 Imperial Age
38:35 Iron Casting
38:20 Chain Barding Armor
39:11 Hussar
41:48 Chain Barding Armor
iamthemikey.hardy
7:37 Loom
10:56 Feudal Age
12:08 Double-Bit Axe
12:39 Horse Collar
15:17 Wheelbarrow
15:26 Gold Mining
18:37 Padded Archer Armor
21:26 Castle Age
20:11 Fletching
23:22 Bow Saw
24:01 Elite Skirmisher
27:10 Leather Archer Armor
27:41 Thumb Ring
28:43 Bodkin Arrow
29:14 Ballistics
29:44 Hand Cart
29:29 Treadmill Crane
29:47 Stone Mining
31:01 Pikeman
36:01 Imperial Age
36:59 Stone Shaft Mining
36:25 Murder Holes
36:07 Imperial Skirmisher
36:12 Cavalier
38:57 Chemistry
38:02 Siege Engineers
42:32 Paper Money
ElNegro
6:29 Loom
10:10 Feudal Age
10:45 Double-Bit Axe
11:50 Horse Collar
18:07 Fletching
21:32 Castle Age
22:21 Thumb Ring
21:37 Crossbowman
22:43 Gold Mining
26:07 Bodkin Arrow
33:19 Imperial Age
32:41 Forging
32:31 Scale Mail Armor
33:30 Ballistics
33:16 Heavy Plow
33:51 Squires
34:49 Wheelbarrow
34:01 Town Watch
37:15 Chemistry
37:18 Iron Casting
36:58 Chain Mail Armor
38:13 Royal Heirs
38:32 Arbalester
40:34 Blast Furnace
39:49 Chain Mail Armor
41:07 Bracer
40:53 Light Cavalry
44:47 Plate Mail Armor
43:47 Hussar
Scaparelli
2:35 Loom
12:20 Feudal Age
13:10 Double-Bit Axe
14:24 Fletching
15:20 Padded Archer Armor
15:27 Horse Collar
22:30 Castle Age
22:48 Crossbowman
23:25 Bodkin Arrow
23:45 Leather Archer Armor
26:20 Ballistics
28:34 Fervor
28:55 Heavy Plow
29:48 Bow Saw
30:57 Chemistry
33:22 Wheelbarrow
36:34 Imperial Age
36:20 Wagenburg Tactics
36:57 Houfnice
37:47 Siege Engineers
37:53 Bracer
40:07 Masonry
42:45 Forging
42:35 Scale Mail Armor
42:03 Pikeman
42:44 Squires
43:38 Murder Holes
43:33 Halberdier
Connection lost

Rejoining the realm…

Still unreachable

The connection could not be restored.

Session expired

The server has moved on; the page needs a fresh start.